 Dungeon Crawl Stone Soup version 0.31.0-11-ge490571c62 (webtiles) character file.

Game seed: 4336010341316330795

3132 hawla the Cutter (level 9, -22/47 HPs)
             Began as a Deep Elf Fire Elementalist on Jan 28, 2024.
             Annihilated by an orc warlord
             ... wielding a +6 battleaxe
              (26 damage)
             ... in a bailey.
             The game lasted 00:19:42 (6719 turns).

hawla the Cutter (Deep Elf Fire Elementalist)       Turns: 6719, Time: 00:19:43

Health: -22/47     AC:  9    Str: 10    XL:     9   Next: 61%
Magic:  4/18       EV: 14    Int: 23    God:
Gold:   1548       SH:  0    Dex: 11    Spells: 11/18 levels left

rFire   + + .        b - +6 quick blade "Qaarr" {venom, rPois rC+ Dex-4 SInv}
rCold   + . .        e - orb {*channel}
rNeg    . . .        k - +5 robe "Coibb" {*Slow rCorr Slay+5 Archmagi}
rPois   +            c - +0 helmet
rElec   .            (no cloak)
rCorr   +            h - +0 pair of gloves
SInv    +            (no boots)
Will    +....        (no amulet)
Stlth   ++++         s - +4 ring of slaying
HPRegen 0.27/turn    a - ring of Midwinter {rF++ Will+ Str+3 Dex-2 Stlth+}
MPRegen 0.16/turn

%: slow self (1%), archmagi, channel magic (20%)
@: no status effects
A: thin skeletal structure 1, sense surroundings 1
a: no special abilities


You were in a bailey.
You visited 2 branches of the dungeon, and saw 8 of its levels.
You also visited: Bailey.

You collected 2225 gold pieces.
You spent 677 gold pieces at shops.

Inventory:

Hand Weapons
 b - the +6 quick blade "Qaarr" (weapon) {venom, rPois rC+ Dex-4 SInv}
   (You acquired it on level 6 of the Dungeon)

   Dex-4:     It affects your dexterity (-4).
   rC+:       It protects you from cold.
   rPois:     It protects you from poison SInv: It lets you see invisible.
Armour
 c - a +0 helmet (worn)
 e - an orb of energy (worn)
 h - a +0 pair of gloves (worn)
 k - the +5 robe "Coibb" (worn) {*Slow rCorr Slay+5 Archmagi}
   (You bought it in a shop on level 2 of the Dungeon)

   Slay+5:    It affects your accuracy & damage with ranged weapons and melee
   (+5).
   rCorr:     It protects you from acid and corrosion.
   *Slow:     It may slow you when you take damage.
   Archmagi:  It increases the power of your magical spells.
Jewellery
 a - the ring of Midwinter (right hand) {rF++ Will+ Str+3 Dex-2 Stlth+}
   (You acquired it in a bailey)

   [ring of willpower]

   Str+3:     It affects your strength (+3).
   Dex-2:     It affects your dexterity (-2).
   rF++:      It greatly protects you from fire.
   Will+:     It increases your willpower.
   Stlth+:    It makes you more stealthy.
 s - a +4 ring of slaying (left hand)
Wands
 d - a wand of light (10) (quivered)
 j - a wand of iceblast (2)
Scrolls
 f - a scroll of immolation
 g - 2 scrolls of butterflies
 i - 2 scrolls of fog
 n - a scroll of fear
 o - a scroll of teleportation {unknown}
 p - 3 scrolls of enchant weapon {unknown}
 t - a scroll of blinking {unknown}
 u - a scroll of revelation
Potions
 m - a potion of attraction
 q - a potion of might {unknown}
 r - a potion of cancellation {unknown}


   Skills:
 - Level 1.0 Fighting
 + Level 7.9 Short Blades
 - Level 6.0 Dodging
 - Level 4.0 Stealth
 - Level 5.0 Spellcasting
 - Level 7.0 Conjurations
 - Level 7.0 Fire Magic
 - Level 3.0 Evocations


You had 11 spell levels left.
You knew the following spells:

 Your Spells              Type           Power      Damage    Failure   Level
a - Foxfire               Conj/Fire      100%       2x1d9     3%          1
b - Scorch                Fire           100%       2d9       4%          2
c - Flame Wave            Conj/Fire      54%        2d13      16%         4

Your spell library contained the following spells:

 Spells                   Type           Power      Damage    Failure   Level
 Inner Flame              Hex/Fire       32%        N/A       19%         3
 Volatile Blastmotes      Fire/Tloc      64%        2d15      19%         3
 Apportation              Tloc           16%        N/A       24%         1
 Call Imp                 Summ           16%        N/A       32%         2
 Jinxbite                 Hex            16%        N/A       32%         2
 Sublimation of Blood     Necr           8%         N/A       32%         2
 Alistair's Intoxication  Alch           5%         N/A       99%         5
 Summon Hydra             Summ           4%         N/A       100%        7


Dungeon Overview and Level Annotations

Branches:
Dungeon (7/15)             Temple (1/1) D:6          Bailey (1/1)

Altars:
Cheibriados
Elyvilon
Fedhas
Gozag
Hepliaklqana
Kikubaaqudgha
Makhleb
Nemelex Xobeh
Qazlal
Ru
Sif Muna
Trog
Wu Jian
Yredelemnul
The Shining One

Shops:
D:2 [

Annotations:
D:3 4 runed translucent doors, Crazy Yiuf; jasper's ghost, amateur AtFi


Innate Abilities, Weirdness & Mutations

You have a somewhat thin skeletal structure. (Dex +2, Stealth+)
You passively map a small area around you.


Message History

Confirm with . or Enter, or press ? or * to list all spells.
Casting: Flame Wave (quite dangerous; 16% risk of failure)
Press: ? - help, Dir - look around, f - activate You feel a surge of power!
A wave of flame ripples out!
The flame wave engulfs the orc warlord!
The orc warlord is moderately wounded. (Press . to intensify the flame waves.) Unknown command.
A wave of flame ripples out!
The flame wave engulfs the orc warlord!
The orc warlord is moderately wounded.
The orc warlord hits you with a +6 battleaxe!!
A wave of flame ripples out!
The flame wave engulfs the orc warlord!!
The orc warlord is heavily wounded.
You finish channelling waves of flame.
The orc warlord is engulfed in a cloud of scalding steam.
The orc warlord hits you with a +6 battleaxe!
Unknown command.
You hit the orc warlord. You puncture the orc warlord!
The orc warlord looks as sick as possible!
The orc warlord is severely wounded.
The orc warlord is engulfed in a cloud of scalding steam.
The orc warlord hits you with a +6 battleaxe!!
* * * LOW HITPOINT WARNING * * *
Unknown command.
It was a potion of mutation.
You feel extremely strange.
You feel a strange attunement to the structure of the dungeons.
Your bones become slightly less dense.
The orc warlord completely misses you.
You puncture the orc warlord!
The orc warlord looks as sick as possible!
You barely miss the orc warlord.
The orc warlord is almost dead.
The orc warlord is no longer blind.
The orc warlord closely misses you.
You hit the orc warlord but do no damage.
You completely miss the orc warlord.
The orc warlord is almost dead.
The orc warlord hits you with a +6 battleaxe!!
Ouch! That really hurt!
You die...

##### ##### ##...## ##...##
##.....## ##.....##
##.......#######.......##
##..8..8...........8..8..##
#.........................#
#...........@§............#
#...8.(....#o'§#......8...#
##......####§~§####......##
♣##.....#~~~~~~~~~#.....##♣
♣.##....#~.8...8.~#....##.♣
♣♣..###'###.......###(###..♣♣
♣...~~~.#~~.8...8.~~#)~~~...♣
♣♣...~~~.#~.........~#.~(~...♣♣
♣∩...~~~)#~....∩....~#((~~...∩♣


You could see an orc warlord (extremely poisoned).

Vanquished Creatures
  An orc knight (Bailey)
  Eustachio (D:6)
  Duvessa (D:6)
  A water moccasin (D:6)
  5 orc warriors
  A black bear (D:6)
  A sky beast (D:7)
  2 centaurs
  4 phantoms
  A bullfrog (D:6)
  A gnoll sergeant (D:5)
  A scorpion (D:5)
  7 wights
  Dowan (D:6)
  A bombardier beetle (D:3)
  3 hounds
  A jelly (D:4)
  2 sleepcaps
  Ijyb (D:4)
  4 iguanas
  An orc wizard (D:6)
  10 gnolls (D:5)
  8 adders
  2 white imps (D:6)
  4 ufetubi
  4 ribbon worms (D:2)
  4 dart slugs
  10 orcs
  3 ball pythons
  4 endoplasms
  A giant cockroach (D:4)
  13 goblins
  9 hobgoblins
  6 jackals (D:3)
  18 kobolds
  2 quokkas
  5 bats
  A frilled lizard (D:2)
  7 rats
152 creatures vanquished.

Vanquished Creatures (others)
  292 foxfires
292 creatures vanquished.

Grand Total: 444 creatures vanquished

Notes
Turn   | Place    | Note
-------+----------+-------------------------------------------
     0 | D:1      | hawla the Deep Elf Fire Elementalist began the quest for
                  | the Orb.
     0 | D:1      | Reached XP level 1. HP: 10/10 MP: 6/6
   284 | D:1      | Reached XP level 2. HP: 15/15 MP: 6/9
   850 | D:1      | Learned a level 2 spell: Scorch
  1139 | D:2      | Reached XP level 3. HP: 19/19 MP: 2/10
  1598 | D:2      | Reached XP level 4. HP: 10/24 MP: 0/12
  1603 | D:2      | Learned a level 4 spell: Flame Wave
  1836 | D:2      | Found Gust's Armour Shop.
  2021 | D:3      | Found a blossoming altar of Fedhas.
  2030 | D:3      | Found a faded altar of an unknown god.
  2144 | D:3      | Found a runed translucent door.
  2145 | D:3      | Noticed Crazy Yiuf
  2560 | D:3      | Found a runed translucent gate.
  2565 | D:3      | Reached XP level 5. HP: 28/28 MP: 8/13
  2603 | D:3      | Found a runed translucent gate.
  2603 | D:3      | Noticed jasper's ghost (amateur AtFi)
  2604 | D:3      | Found a runed translucent gate.
  2747 | D:4      | Noticed Ijyb
  3003 | D:4      | Reached skill level 5 in Conjurations
  3045 | D:4      | Killed Ijyb
  3195 | D:4      | Reached XP level 6. HP: 24/32 MP: 4/14
  3729 | D:5      | Entered Level 5 of the Dungeon
  3820 | D:5      | Reached XP level 7. HP: 21/36 MP: 9/15
  3830 | D:5      | Reached skill level 5 in Dodging
  3963 | D:5      | Reached skill level 1 in Fighting
  4006 | D:5      | You fall into a shaft and drop 1 floor!
  4013 | D:6      | Reached skill level 5 in Spellcasting
  4134 | D:6      | Reached skill level 5 in Fire Magic
  4184 | D:5      | Found a snail-covered altar of Cheibriados.
  4203 | D:5      | Reached XP level 8. HP: 43/43 MP: 12/17
  4894 | D:6      | Noticed Dowan
  4898 | D:6      | Killed Dowan
  5014 | D:6      | Noticed Duvessa
  5021 | D:6      | Killed Duvessa
  5253 | D:6      | Found a staircase to the Ecumenical Temple.
  5268 | Temple   | Entered the Ecumenical Temple
  5312 | D:6      | Identified 3 scrolls of acquirement
  5312 | D:6      | Acquired the +6 quick blade "Qaarr" {venom, rPois rC+ Dex-4
                  | SInv}
  5315 | D:6      | Acquired 755 gold pieces
  5317 | D:6      | Acquired 1137 gold pieces
  5373 | D:2      | Bought the +5 robe "Coibb" {*Slow rCorr Slay+5 Archmagi}
                  | for 677 gold pieces
  5524 | D:6      | Identified the +1 robe of Repulsion {rF- Will+ Dex+3
                  | Stlth+}
  5674 | D:6      | Reached skill level 1 in Short Blades
  5731 | D:6      | Noticed Eustachio
  5745 | D:6      | Killed Eustachio
  6164 | D:7      | Found a flagged portal.
  6176 | D:7      | Reached XP level 9. HP: 42/47 MP: 7/18
  6188 | D:7      | Reached skill level 5 in Short Blades
  6291 | Bailey   | Entered a bailey
  6296 | Bailey   | Noticed an orc warlord
  6336 | Bailey   | Noticed an orc knight
  6348 | Bailey   | HP: 2/47 [orc knight/+0 broad axe (16)]
  6371 | Bailey   | Killed an orc knight
  6554 | Bailey   | Found a runed translucent gate.
  6567 | Bailey   | Acquired the ring of Midwinter {rF++ Will+ Str+3 Dex-2
                  | Stlth+}
  6570 | Bailey   | Found a runed translucent gate.
  6571 | Bailey   | Found a runed translucent gate.
  6717 | Bailey   | Gained mutation: You passively map a small area around you.
                  | [potion of mutation]
  6717 | Bailey   | Gained mutation: You have a somewhat thin skeletal
                  | structure. (Dex +2, Stealth+) [potion of mutation]
  6719 | Bailey   | Annihilated by an orc warlord

Illustrated notes

Levels and vault maps discovered:
D:1:      nzn_arrival_crosshair, layout_basic
D:2:      layout_rooms, serial_shops, shop, st_stairs_3, chequers_big_river
D:3:      layout_rooms, fedhas_altar_2, gammafunk_ghost_nasty_kobolds,
          hellmonk_ecumenical_altar_heavens_door, uniq_crazy_yiuf_cottage
D:4:      layout_basic, minmay_cut_off, uniq_ijyb
D:5:      layout_rooms, old_standard_altar
D:6:      layout_basic, minmay_temple_entry_ruins, uniq_duvessa, uniq_eustachio
D:7:      gammafunk_cloud_chamber, layout_basic,
          minmay_overflow_temple_star_quad, mainiacjoe_overflow_catwalk_spiral,
          enter_bailey_5
Temple:   nicolae_temple_figure_eight
Bailey:   bailey_axe_bossmonster_kennysheep, bailey

Skill      XL: |  1  2  3  4  5  6  7  8  9 |
---------------+----------------------------+-----
Spellcasting   | 4 5 |  5.0
Fire Magic     | 4 5 7 |  7.0
Conjurations   | 3 4 5 6 7 |  7.0
Evocations     | 3 |  3.0
Dodging        | 4 6 |  6.0
Fighting       | 1 |  1.0
Stealth        | 4 |  4.0
Short Blades   | 3 7 |  7.9

Action                     |  1- 3 |  4- 6 |  7- 9 || total
---------------------------+-------+-------+-------++-------
  Melee: Unarmed           |    10 |     8 |     2 ||    20
         Quick blade       |       |       |    37 ||    37
   Cast: Foxfire           |    45 |    46 |    75 ||   166
         Scorch            |    10 |    38 |    47 ||    95
         Flame Wave        |       |     3 |    12 ||    15
  Evoke: Wand              |       |       |     5 ||     5
    Use: Scroll            |     2 |     3 |     9 ||    14
         Potion            |       |     3 |     3 ||     6
   Stab: Sleeping          |     1 |       |       ||     1
 Armour: Robe              |    19 |    28 |    36 ||    83
  Dodge: Dodged            |     7 |    28 |    47 ||    82
